 Dungeon Crawl Stone Soup version 0.30-a0-591-g3c58d2bc28 (webtiles) character file.

Game seed: 4842270364839870220

68 TrayleKats the Sneak (level 4, -28/28 HPs)
             Began as an Octopode Hedge Wizard on Jan 4, 2023.
             Killed by an exploding adder (43 damage)
             ... ignited by their inner flame
             ... on level 2 of the Dungeon.
             The game lasted 00:04:56 (2329 turns).

TrayleKats the Sneak (Octopode Hedge Wizard)        Turns: 2329, Time: 00:04:56

Health: -28/28     AC:  1    Str:  9    XL:     4   Next: 19%
Magic:  9/9        EV: 13    Int: 18    God:
Gold:   102        SH:  0    Dex: 11    Spells: 8/9 levels left

rFire   . . .      SeeInvis .    a - +1 dagger
rCold   . . .      Faith    .    (no shield)
rNeg    . . .      Spirit   .    b - +0 hat
rPois   .          Reflect  .    (no amulet)
rElec   .          Harm     .    (no ring)
rCorr   .          Rampage  .    (no ring)
Will    .....                    (no ring)
Stlth   +++                      (no ring)
HPRegen 0.24/turn                (no ring)
MPRegen 0.11/turn                (no ring)
                                 (no ring)
                                 (no ring)

@: about to teleport, weak-willed
A: almost no armour, amphibious, 8 rings, camouflage 1, gelatinous body 1,
(nimble swimmer 1), tentacles
a: no special abilities


You were on level 2 of the Dungeon.
You visited 1 branch of the dungeon, and saw 2 of its levels.

You collected 102 gold pieces.

Inventory:

Hand Weapons
 a - a +1 dagger (weapon)
Missiles
 g - 2 boomerangs
Armour
 b - a +0 hat (worn)
Wands
 q - a wand of acid (5)
Scrolls
 k - a scroll of teleportation
Potions
 c - a potion of magic
 f - 2 potions of haste
 h - a potion of lignification {unknown}
 i - a potion of mutation {unknown}
 n - 3 potions of might {unknown}
 o - a potion of attraction {unknown}
 r - 2 potions of curing


   Skills:
 + Level 1.2 Fighting
 + Level 1.4 Short Blades
 - Level 2.0 Dodging
 + Level 3.6 Stealth
 + Level 3.3 Spellcasting
 - Level 1.0 Conjurations
 + Level 1.8 Summonings
 - Level 1.0 Translocations


You had 8 spell levels left.
You knew the following spells:

 Your Spells              Type           Power      Damage    Failure   Level
a - Magic Dart            Conj           24%        1d4       11%         1

Your spell library contained the following spells:

 Spells                   Type           Power      Damage    Failure   Level
 Call Imp                 Summ           9%         N/A       11%         2
 Slow                     Hex            12%        N/A       16%         1
 Blink                    Tloc           12%        N/A       16%         2
 Cigotuvi's Dreadful Rot  Necr/Pois/Air  6%         N/A       24%         2
 Mephitic Cloud           Conj/Pois/Air  4%         N/A       38%         3


Dungeon Overview and Level Annotations

Branches:
Dungeon (2/15)

Altars:


Innate Abilities, Weirdness & Mutations

You cannot wear most types of armour.
You are amphibious.
You can wear up to eight rings at the same time.
Your skin changes colour to match your surroundings (Stealth+).
Your rubbery body absorbs attacks. (AC +1, EV +1)
((You are camouflaged when in or above water. (Stealth+)))
You have tentacles for arms and can constrict up to eight enemies at once.


Message History

You kill the giant cockroach!
You can't see any susceptible monsters within range! (Use Z to cast anyway.) Done exploring.
Done exploring.
Done exploring.
You see here a giant cockroach corpse.
There is an open door here.
There is an open door here.
There is a stone staircase leading down here.
As you read the scroll labelled DEIKOM FEWKIN, it crumbles to dust.
Wisps of shadow whirl around you...
It was a scroll of summoning.
As you read the scroll labelled FYT ALUDDUKKEUTT, it crumbles to dust.
Magic quickly surges around you.
It was a scroll of vulnerability.
As you read the scroll labelled UNUQOOFRIO, it crumbles to dust.
It is a scroll of enchant weapon.
Your +0 dagger glows red for a moment.
As you read the scroll labelled YLYXUO WIRU, it crumbles to dust.
It is a scroll of identify.
f - 2 potions of haste
As you read the scroll of identify, it crumbles to dust.
r - 2 potions of curing
As you read the scroll labelled NILLO KOLECAR, it crumbles to dust.
The creatures around you are filled with an inner flame!
It was a scroll of immolation.
As you read the scroll labelled FETTYF GYBO, it crumbles to dust.
You feel strangely unstable.
It was a scroll of teleportation.
As you read the scroll labelled POUKAXU BOUMP, it crumbles to dust.
Your body is wracked with pain!
Your adder convulses!
Flame seeps out of your adder.
Your endoplasm convulses!
Flame seeps out of your endoplasm.
It was a scroll of torment.
Your adder is engulfed in blazing flames.
Your adder's corpse dissolves into shadows!
Your adder explodes!
The fiery explosion engulfs your goblin!!
Your goblin's corpse dissolves into shadows!
The fiery explosion engulfs you!!!
Ouch! That really hurt!
You die...

#........# #. ### #.######.####
#. ######.## #.######....# ##.
........# #.##........###..
.#####.## #<##.###....##... .#
#.# #.##.# #.#....... .# #.#
#.##.###.#######. .# #.#
##J.......# #. .# #.#
#@○§.....###### #. ## #.#
#.###.........###+ ## #.#
#.###......##.##.. .## #.###
#>.......#.##.#... ..## #.#.##
######..##.##....†
...###....###########...........P
...+....................[........
...###....###########...#.##.....
..## #.#.## #.......###...~


You could see a friendly endoplasm (summoned, inner flame, weak-willed).

Vanquished Creatures
  A gnoll (D:1)
  2 adders (D:2)
  A dart slug (D:2)
  4 ball pythons
  5 endoplasms
  5 giant cockroaches
  4 hobgoblins
  3 quokkas (D:1)
  2 bats (D:1)
  5 goblins
  3 kobolds
  2 rats
37 creatures vanquished.

Notes
Turn   | Place    | Note
-------+----------+-------------------------------------------
     0 | D:1      | TrayleKats the Octopode Hedge Wizard began the quest for
                  | the Orb.
     0 | D:1      | Reached XP level 1. HP: 11/11 MP: 4/4
   174 | D:1      | Reached XP level 2. HP: 18/18 MP: 6/6
   613 | D:1      | Reached skill level 1 in Short Blades
   613 | D:1      | Reached XP level 3. HP: 22/22 MP: 1/7
   749 | D:1      | Reached skill level 1 in Fighting
  1119 | D:2      | Found a faded altar of an unknown god.
  1967 | D:2      | Reached XP level 4. HP: 28/28 MP: 0/9
  2329 | D:2      | Killed by an exploding adder... ignited by their inner
                  | flame

Illustrated notes

Levels and vault maps discovered:
D:1:      lightli_arrival_isolated_outpost, layout_loops_ring
D:2:      layout_loops_corners, shapermc_ecumenical_altar_mp_ritualfount

Skill      XL: |  1  2  3 |
---------------+----------+-----
Stealth        | 3 |  3.6
Short Blades   | 1 |  1.4
Fighting       | 1 |  1.2
Dodging        | |  2.0
Spellcasting   | |  3.3
Conjurations   | |  1.0
Summonings     | |  1.8
Translocations | |  1.0

Action                   |  1- 3 |  4- 6 || total
-------------------------+-------+-------++-------
Melee: Dagger            |    30 |       ||    30
       Constrict         |     9 |       ||     9
       Tentacles         |     8 |       ||     8
       Punch             |     2 |       ||     2
 Cast: Magic Dart        |    79 |     8 ||    87
  Use: Scroll            |       |     8 ||     8
 Stab: Sleeping          |     1 |       ||     1
Armor: Skin              |     5 |       ||     5
Dodge: Dodged            |    36 |       ||    36

Table legend: (Time is in decaauts)
 A = Elapsed time spent in this place.
 B = Non-inter-level travel time spent in this place.
 C = Inter-level travel time spent in this place.
 D = Time resting spent in this place.
 E = Time spent auto-exploring this place.
 F = Levels seen in this place.
 G = Mean time per level.
                   A        B        C        D        E       F      G
               +--------+--------+--------+--------+--------+-----+--------+
         Total |   2327 |   2251 |     76 |    103 |   1871 |   2 | 1163.5 |
       Dungeon |   2327 |   2251 |     76 |    103 |   1871 |   2 | 1163.5 |
               +--------+--------+--------+--------+--------+-----+--------+

Top non-repeatable levels by time:
     D:2: 1332 daAuts
     D:1: 995 daAuts
